 Dungeon Crawl Stone Soup version 0.18.1-6-gd335043 (webtiles) character file.

278 m0ast the Ruffian (level 6, -4/50 HPs)
             Began as a Ghoul Skald on May 17, 2016.
             Killed from afar by an orc wizard (5 damage)
             ... with a puff of flame
             ... on level 4 of the Dungeon.
             The game lasted 00:42:53 (5132 turns).

m0ast the Ruffian (Ghoul Skald)                     Turns: 5132, Time: 00:42:57

Health: -4/50      AC:  6    Str: 15 (16) XL:     6   Next: 26%
Magic:  4/8        EV: 12    Int:  6 (7)  God:
Gold:   93         SH:  0    Dex:  9 (10) Spells: 3 memorised, 5 levels left

rFire  . . .     SeeInvis .       - Unarmed
rCold  + . .     Gourm    .     a - +0 leather armour
rNeg   + + +     Faith    .     (no shield)
rPois  ∞         Spirit   .     (no helmet)
rElec  .         Dismiss  .     g - +0 cloak
rCorr  .         Reflect  .     B - +0 pair of gloves
SustAt .         Harm     .     r - +0 pair of boots
MR     .....                    (no amulet)
Stlth  +.........               (no ring)
                                (no ring)

@: very slightly contaminated, rotting, slowed, very slow, not resistant to
hostile enchantments, very unstealthy
A: rotting body, claws 1, carnivore 3, cold resistance 1, negative energy
resistance 3, slow regeneration 1, torment resistance, unbreathing
a: no special abilities


You were on level 4 of the Dungeon.
You were not hungry.

You visited 1 branch of the dungeon, and saw 4 of its levels.

You collected 93 gold pieces.

Inventory:

Hand Weapons
 s - a +0 dagger
Armour
 a - a +0 leather armour (worn)
 g - a +0 cloak (worn)
 l - a +0 pair of gloves
 r - a +0 pair of boots (worn)
 t - a +0 animal skin
 z - the +0 robe of the Blizzard {MP+9}
   (You found it on level 4 of the Dungeon)

   It affects your magic capacity (+9).
 B - a +0 pair of gloves (worn)
Wands
 y - a wand of confusion (21/48)
Scrolls
 d - a scroll of amnesia {unknown}
 e - a scroll of noise {unknown}
 f - 8 scrolls of identify
 j - a scroll of fear {unknown}
 n - a scroll of blinking {unknown}
 x - a scroll of magic mapping {unknown}
 A - a scroll of remove curse {unknown}
Potions
 h - a potion of heal wounds {unknown}
 m - a potion of cure mutation
 o - a potion of mutation
 p - a potion of curing
 q - a potion of agility {unknown}
 v - a potion of invisibility {unknown}
 w - a potion of lignification {unknown}
Books
 b - a book of Battle

   Spells                             Type                      Level
   a - Infusion                       Charms                       1
   b - Shroud of Golubria             Charms/Translocation         2
   c - Song of Slaying                Charms                       2
   d - Spectral Weapon                Hexes/Charms                 3
   e - Regeneration                   Charms/Necromancy            3
Comestibles
 c - 2 meat rations
 i - a slice of pizza


   Skills:
 + Level 2.8 Fighting
 + Level 1.8 Armour
 * Level 2.5 Dodging
 + Level 1.6 Stealth
 * Level 3.9 Unarmed Combat
 + Level 2.6 Spellcasting
 + Level 3.2 Charms


You had 5 spell levels left.
You knew the following spells:

 Your Spells              Type           Power        Failure   Level  Hunger
a - Infusion              Chrm           #...         14%         1    ##.....
b - Song of Slaying       Chrm           #.......     21%         2    ###....
c - Shroud of Golubria    Chrm/Tloc      #.........   38%         2    ###....


Dungeon Overview and Level Annotations

Branches:
Dungeon (4/15)
 Temple: D:4-7

Altars:
Gozag
Pakellas
Trog
The Shining One

Shops:
D:2 *


Innate Abilities, Weirdness & Mutations

Your body is rotting away.
You thrive on raw meat.
You are immune to poison.
You have sharp fingernails.
You are carnivorous and can eat meat at any time.
Your flesh is cold resistant.
You are immune to negative energy.
You regenerate slowly when monsters are visible.
You are immune to unholy pain and torment.
You can survive without breathing.


Message History

The orc hits you but does no damage. Something hits you but does no damage.
You hit the orc but do no damage.
The orc is moderately wounded.
The orc barely misses you. Something hits you.
* * * LOW HITPOINT WARNING * * *
The giant cockroach bites you but does no damage.
The orc wizard casts a spell.
The orc wizard blinks!
The giant cockroach barely misses you. The orc hits you but does no damage.
You feel less confused.
The orc wizard gestures at you while chanting.
You feel yourself slow down.
You completely miss the giant cockroach.
The giant cockroach barely misses you.
The orc wizard mumbles some strange words.
The orc wizard flickers and vanishes!
You hear some strange, mumbled words.
A puff of flame appears from out of thin air!
The puff of flame hits you!
You die...

#...§ ....#
#... ....# #..
....#
#'#####...#
#....##...#
#.........#
#o{.......#
#os..o....#
#.@..##..##
#....##..#####
#....##..##..##
#....'........#
#....#........#
#....#........#
#....#.<......#
#....######...#
#######..##..##


You could see an orc wizard, 2 orcs and a giant cockroach.

Vanquished Creatures
  An ogre (D:4)
  A gnoll (D:1)
  8 adders
  An adder skeleton (D:4)
  3 worms
  A dart slug (D:2)
  6 giant geckos
  7 orcs
  4 bats
  5 giant cockroaches
  11 hobgoblins
  7 jackals (D:3)
  5 quokkas
  8 giant newts
  9 goblins
  10 kobolds
  A quokka skeleton (D:4)
  5 rats
93 creatures vanquished.

Notes
Turn   | Place    | Note
--------------------------------------------------------------
     0 | D:1      | m0ast the Ghoul Skald began the quest for the Orb.
     0 | D:1      | Reached XP level 1. HP: 17/17 MP: 2/2
    80 | D:1      | Reached skill level 1 in Dodging
   314 | D:1      | Reached skill level 1 in Armour
   527 | D:1      | Reached XP level 2. HP: 14/24 MP: 1/3
  1113 | D:1      | Reached XP level 3. HP: 29/30 MP: 2/4
  1225 | D:1      | Learned a level 2 spell: Song of Slaying
  1500 | D:2      | Found an oddly glowing altar of Pakellas.
  1571 | D:2      | Found Gozag's Platinum Reserve.
  1821 | D:2      | Reached XP level 4. HP: 33/37 MP: 3/6
  1990 | D:2      | Reached skill level 1 in Stealth
  2054 | D:2      | Found an opulent altar of Gozag.
  2319 | D:3      | Learned a level 2 spell: Shroud of Golubria
  2543 | D:3      | Found a glowing golden altar of the Shining One.
  2638 | D:3      | Found a bloodstained altar of Trog.
  2677 | D:3      | Reached XP level 5. HP: 42/42 MP: 3/7
  4004 | D:4      | Noticed an ogre
  4017 | D:4      | Killed an ogre
  4017 | D:4      | Reached XP level 6. HP: 26/48 MP: 0/8
  4169 | D:4      | Got an opalescent robe
  4180 | D:4      | Identified the +0 robe of the Blizzard {MP+9} (You found it on level 4 of the Dungeon)
  5129 | D:4      | HP: 1/50 [something (3)]
  5132 | D:4      | Killed from afar by an orc wizard

Skill      XL: |  1  2  3  4 |
---------------+-------------+-----
Dodging        | 1 2 |  2.5
Armour         | 1 |  1.8
Spellcasting   | 2 |  2.6
Stealth        | 1 |  1.6
Unarmed Combat | 3 |  3.9
Charms         | 3 |  3.2
Fighting       | |  2.8

Action                   |  1- 3 |  4- 6 || total
-------------------------+-------+-------++-------
Melee: Unarmed           |   159 |   297 ||   456
       Punch             |       |     2 ||     2
 Cast: Infusion          |    15 |    23 ||    38
       Song of Slaying   |       |     3 ||     3
Evoke: Wand              |       |     2 ||     2
  Use: Potion            |       |     3 ||     3
       Scroll            |       |     2 ||     2
 Stab: Sleeping          |       |     1 ||     1
  Eat: Chunk             |     7 |    22 ||    29
Armor: Leather armour    |    52 |    96 ||   148
Dodge: Dodged            |    92 |   195 ||   287
